 Dungeon Crawl Stone Soup version 0.17.1-2-g5865329 (webtiles) character file.

459 PossumBlood the Magician (level 6, 0/32 HPs)
             Began as a Deep Elf Wizard on Jan 21, 2016.
             Was a Follower of Vehumet.
             Succumbed to poison (a potion of poison)
             ... on level 4 of the Dungeon.
             The game lasted 00:26:30 (4327 turns).

PossumBlood the Magician (Deep Elf Wizard)          Turns: 4327, Time: 00:26:31

Health: 0/32       AC:  8    Str:  4    XL:     6   Next: 78%
Magic:  8/18       EV: 12    Int: 25    God:    Vehumet [*.....]
Gold:   90         SH:  0    Dex: 13    Spells: 7 memorised, 5 levels left

rFire  . . .     SeeInvis .     f - +3 quarterstaff (chaos)
rCold  . . .     Clarity  .     a - +0 robe
rNeg   . . .     SustAt   .     (shield currently unavailable)
rPois  .         Gourm    .     b - +1 hat
rElec  .         Spirit   .     p - +2 cloak
rCorr  +         Warding  .     h - +0 pair of gloves
rMut   .         Stasis   .     i - +0 pair of boots
MR     .....                    o - amulet of resist corrosion
Stlth  ++........               (no ring)
                                (no ring)

@: lethally poisoned (0 -> -17), very slightly contaminated, hasted, repel
missiles, very quick, not resistant to hostile enchantments, unstealthy
A: no striking features
a: Renounce Religion


You were on level 4 of the Dungeon.
You worshipped Vehumet.
Vehumet was aware of your devotion.
You were not hungry.

You visited 1 branch of the dungeon, and saw 4 of its levels.

You collected 90 gold pieces.

Inventory:

Hand Weapons
 f - a +3 quarterstaff of chaos (weapon)
 k - a +2 dagger of venom
Armour
 a - a +0 robe (worn)
 b - a +1 hat (worn)
 h - a +0 pair of gloves (worn)
 i - a +0 pair of boots (worn)
 p - a +2 cloak (worn)
Jewellery
 o - an amulet of resist corrosion (around neck)
Wands
 e - a wand of fireball (15)
Scrolls
 m - a scroll of magic mapping
 n - a scroll of recharging
Books
 c - a book of Minor Magic

   Spells                             Type                      Level
   a - Magic Dart                     Conjuration                  1
   b - Blink                          Translocation                2
   c - Call Imp                       Summoning                    2
   d - Repel Missiles                 Charms/Air                   2
   e - Slow                           Hexes                        2
   f - Conjure Flame                  Conjuration/Fire             3
   g - Mephitic Cloud                 Conjuration/Poison/Air       3
Comestibles
 g - 3 meat rations


   Skills:
 - Level 2.4 Dodging
 - Level 2.4 Stealth
 - Level 7.0 Spellcasting
 + Level 6.3 Conjurations
   Level 1.1 Summonings
 - Level 1.1 Translocations


You had 5 spell levels left.
You knew the following spells:

 Your Spells              Type           Power        Failure   Level  Hunger
a - Magic Dart            Conj           ####         1%          1    None
b - Blink                 Tloc           N/A          10%         2    None
c - Repel Missiles        Chrm/Air       #.....       12%         2    None
d - Slow                  Hex            #.......     12%         2    None
e - Conjure Flame         Conj/Fire      ###.....     8%          3    None
f - Mephitic Cloud        Conj/Pois/Air  ###.....     12%         3    None
g - Flame Tongue          Conj/Fire      ###..        1%          1    None


Dungeon Overview and Level Annotations

Branches:
Dungeon (4/15)
 Temple: D:4-7

Altars:
Trog
Vehumet
Xom


Message History

* * * LOW HITPOINT WARNING * * *
You feel sick.
There is a lethal amount of poison in your body!
Read which item? (? for menu, Esc to quit)
Okay, then.
Put on which piece of jewellery? (? for menu, Esc to quit)
Okay, then.
* * * LOW HITPOINT WARNING * * *
You feel sick.
* * * LOW HITPOINT WARNING * * *
You feel sick.
* * * LOW HITPOINT WARNING * * *
You feel sick.
* * * LOW HITPOINT WARNING * * *
You feel sick.
* * * LOW HITPOINT WARNING * * *
You feel sick.
* * * LOW HITPOINT WARNING * * *
You feel sick.
You die...

#.# #....# #.........).
#.# #..### #.##........
#.# #..# #.##.####### #.#
#..# #.##.# #.# #..#
#.##.# . #.#
#..#####.##.# P ##.#
#..†.....##.# .# ...#
#.#########.# #. #### #.#
#@# ###. #.# #.# #.. #.#
#.# #.# #.# #.###.## #.#
#.##.#.##
#.#########.#.###.##
#..(.........## ##.#
##########.......#.###.##
....>......########.#.##


There were no monsters in sight!

Vanquished Creatures
  A hungry ghost (D:4)
  A scorpion (D:4)
  Crazy Yiuf (D:3)
  2 worker ants (D:4)
  Robin (D:3)
  7 adders
  2 worms
  4 giant geckos
  7 orcs
  12 bats
  6 giant cockroaches
  22 goblins
  10 hobgoblins
  2 jackals (D:2)
  A quokka (D:2)
  2 giant newts
  6 kobolds
  28 rats
115 creatures vanquished.

Notes
Turn   | Place    | Note
--------------------------------------------------------------
     0 | D:1      | PossumBlood the Deep Elf Wizard began the quest for the Orb.
     0 | D:1      | Reached XP level 1. HP: 10/10 MP: 7/7
   184 | D:1      | Reached skill level 5 in Spellcasting
   197 | D:1      | Reached XP level 2. HP: 15/15 MP: 6/10
  1088 | D:1      | Reached XP level 3. HP: 19/19 MP: 8/12
  1198 | D:2      | Learned a level 2 spell: Blink
  1201 | D:2      | Learned a level 2 spell: Repel Missiles
  1205 | D:2      | Learned a level 2 spell: Slow
  1209 | D:2      | Learned a level 3 spell: Conjure Flame
  1213 | D:2      | Learned a level 3 spell: Mephitic Cloud
  1217 | D:2      | Reached skill level 6 in Spellcasting
  2135 | D:2      | Reached XP level 4. HP: 24/24 MP: 7/14
  2441 | D:2      | Reached skill level 7 in Spellcasting
  2545 | D:2      | Found a radiant altar of Vehumet.
  2545 | D:2      | Found a shimmering altar of Xom.
  2548 | D:2      | Found a bloodstained altar of Trog.
  2558 | D:2      | Became a worshipper of Vehumet
  2897 | D:3      | Noticed Robin
  2952 | D:3      | Killed Robin
  2952 | D:3      | Reached XP level 5. HP: 24/28 MP: 2/16
  3097 | D:3      | Reached * piety under Vehumet
  3097 | D:3      | Offered knowledge of Flame Tongue by Vehumet.
  3450 | D:3      | Noticed Crazy Yiuf
  3462 | D:3      | Killed Crazy Yiuf
  4023 | D:4      | Learned a level 1 spell: Flame Tongue
  4117 | D:4      | Noticed a hungry ghost
  4128 | D:4      | Killed a hungry ghost
  4128 | D:4      | Reached skill level 5 in Conjurations
  4128 | D:4      | Reached XP level 6. HP: 32/32 MP: 6/18
  4326 | D:4      | HP: 1/32 [poison (a potion of poison)]
  4327 | D:4      | Succumbed to poison (a potion of poison)

Action                   |  1- 3 |  4- 6 || total
-------------------------+-------+-------++-------
Melee: Unarmed           |    22 |       ||    22
       Dagger            |       |    15 ||    15
 Cast: Magic Dart        |   125 |   130 ||   255
       Conjure Flame     |     2 |     3 ||     5
       Repel Missiles    |     1 |     1 ||     2
       Mephitic Cloud    |       |     1 ||     1
       Flame Tongue      |       |    26 ||    26
  Use: Scroll            |     5 |     5 ||    10
       Potion            |       |     6 ||     6
  Eat: Bread ration      |     1 |     3 ||     4
